 Dungeon Crawl Stone Soup version 0.27-a0-811-ga052575696 (webtiles) character file.

Game seed: 10155419719063879528

93 RicketyTrickster the Skirmisher (level 4, -1/55 HPs)
             Began as a Demonspawn Berserker on Mar 29, 2021.
             Was a Believer of Trog.
             Slain by a hobgoblin (9 damage)
             ... led by Robin
             ... on level 2 of the Dungeon.
             The game lasted 00:09:46 (1612 turns).

RicketyTrickster the Skirmisher (DsBe)              Turns: 1612, Time: 00:09:46

Health: -1/55      AC: 14    Str: 18    XL:     4   Next: 37%
Magic:  4/4        EV: 11    Int:  8    God:    Trog [**....]
Gold:   85         SH:  0    Dex: 13    Spells: 3/3 levels left

rFire    . . .     SeeInvis .   d - +0 flail
rCold    . . .     Faith    .   (no shield)
rNeg     . . .     Spirit   .   c - +0 ring mail
rPois    .         Reflect  .   (no helmet)
rElec    .         Harm     .   (no cloak)
rCorr    .         Rampage  .   (no gloves)
Will     .....                  (no boots)
Stlth    ..........             (no amulet)
HPRegen  0.18/turn              (no ring)
MPRegen  0.09/turn              (no ring)

@: berserking, lethally poisoned (-1 -> -5), sanguine armoured, very quick
A: sanguine armour 2
a: Renounce Religion, Berserk, Trog's Hand


You were on level 2 of the Dungeon.
You worshipped Trog.
Trog was pleased with you.
You visited 1 branch of the dungeon, and saw 3 of its levels.

You collected 85 gold pieces.

Inventory:

Hand Weapons
 d - a +0 flail (weapon)
Armour
 b - a +0 animal skin
 c - a +0 ring mail (worn)
Potions
 e - a potion of haste


   Skills:
 + Level 3.7 Fighting
 - Level 3.6 Long Blades
 + Level 0.1 Maces & Flails
 + Level 2.5 Armour
 - Level 2.1 Dodging


You had 3 spell levels left.
You didn't know any spells.
Your spell library was empty.

Dungeon Overview and Level Annotations

Branches:
Dungeon (3/15)

Altars:
Makhleb
Xom

Annotations:
D:2 Robin


Innate Abilities, Weirdness & Mutations

When seriously injured, your bleeding wounds create thick armour. (AC +9)


Message History

The goblin barely misses you.
The hobgoblin hits you but does no damage.
Robin drinks a potion.
Robin seems to grow stronger.
The goblin barely misses you. The goblin closely misses you.
The goblin hits you but does no damage.
The hobgoblin hits you but does no damage.
You sock the goblin!
You feel the power of Trog in you as your rage grows.
You kill the goblin!
Trog accepts your kill.
You feel very sick. The goblin hits you but does no damage.
The hobgoblin misses you.
The hobgoblin hits you but does no damage.
The goblin hits you with a +0 club.
You feel sick. The goblin closely misses you. The goblin barely misses you.
The hobgoblin hits you but does no damage. x2
The goblin hits you but does no damage.
Robin's bangles clink loudly.
The goblin hits you but does no damage. x2
You climb upwards.
You feel a strong urge to attack something.
You feel sick.
There is a stone staircase leading down here.
You closely miss the goblin.
You feel sick. The hobgoblin closely misses you. The hobgoblin hits you.
* * * LOW HITPOINT WARNING * * *
The goblin hits you with a +0 club.
* * * LOW HITPOINT WARNING * * *
Robin barely misses you. The goblin hits you with a +0 club.
* * * LOW HITPOINT WARNING * * *
The goblin hits you but does no damage.
You closely miss the goblin.
You feel sick. The hobgoblin barely misses you.
The hobgoblin hits you but does no damage.
The goblin closely misses you. Robin misses you. The goblin misses you.
The goblin completely misses you.
You hit the goblin.
You kill the goblin!
Trog accepts your kill.
You feel sick. The hobgoblin hits you!
You die...

####### #>#####...
#.....# #....#####
#.....# ####......
#.....# ###......
#.....####........
#..........#......
#.g...##.###...###
#)g...##.# #...#..
#@gg..##.####..#..
#gg...##....##.#..
#g....#####.##.#..
###########..#.#..
###.......##'
#...#####.... ##.###
###.. ##########..##
#....
#............######.##.


You could see Robin (strong), 2 hobgoblins and 4 goblins.

Vanquished Creatures
  A scorpion (D:2)
  2 dart slugs (D:1)
  An endoplasm (D:1)
  2 giant cockroaches (D:1)
  7 goblins
  4 hobgoblins
  4 jackals (D:2)
  3 kobolds
  A quokka (D:2)
  3 ball pythons
  4 bats
  4 rats (D:2)
36 creatures vanquished.

Notes
Turn   | Place    | Note
-------+----------+-------------------------------------------
     0 | D:1      | RicketyTrickster the Demonspawn Berserker began the quest
                  | for the Orb.
     0 | D:1      | Reached XP level 1. HP: 18/18 MP: 1/1
   206 | D:1      | Gained mutation: When seriously injured, your bleeding
                  | wounds create armour. (AC +9) [demonic ancestry]
   206 | D:1      | Reached XP level 2. HP: 24/24 MP: 2/2
  1160 | D:2      | Reached XP level 3. HP: 29/29 MP: 3/3
  1203 | D:2      | Noticed a scorpion
  1209 | D:2      | Killed a scorpion
  1210 | D:2      | Gained mutation: When seriously injured, your bleeding
                  | wounds create thick armour. (AC +9) [demonic ancestry]
  1210 | D:2      | Reached XP level 4. HP: 29/36 MP: 4/4
  1314 | D:2      | Reached ** piety under Trog
  1419 | D:2      | Found a shimmering altar of Xom.
  1430 | D:2      | Found a burning altar of Makhleb.
  1601 | D:3      | Noticed Robin
  1612 | D:2      | Slain by a hobgoblin

Illustrated notes

Levels and vault maps discovered:
D:1:      psy_arrival_whirlpool, layout_rooms
D:2:      layout_rooms, minitemple, nrook_mini_vaults, wad_floor_pattern_1
D:3:      layout_basic, serial_shops, nicolae_shop_statue_plus, uniq_robin

Skill      XL: |  1  2 |
---------------+-------+-----
Long Blades    | 3 |  3.6
Armour         | 2 |  2.5
Dodging        | 2 |  2.1
Fighting       | |  3.7
Maces & Flails | |  0.1

Action                   |  1- 3 |  4- 6 || total
-------------------------+-------+-------++-------
Melee: Falchion          |    64 |     8 ||    72
       Flail             |       |    18 ||    18
Invok: Berserk           |     2 |     1 ||     3
  Use: Scroll            |     2 |     2 ||     4
       Potion            |     2 |     1 ||     3
Armor: Ring mail         |    39 |    20 ||    59
Dodge: Dodged            |    41 |    33 ||    74
       Rpst.: Falchion   |    20 |     3 ||    23

Table legend: (Time is in decaauts)
 A = Elapsed time spent in this place.
 B = Non-inter-level travel time spent in this place.
 C = Inter-level travel time spent in this place.
 D = Time resting spent in this place.
 E = Time spent auto-exploring this place.
 F = Levels seen in this place.
 G = Mean time per level.
                   A        B        C        D        E       F      G
               +--------+--------+--------+--------+--------+-----+--------+
         Total |   1647 |   1239 |    408 |      0 |    883 |   3 |  549.0 |
       Dungeon |   1647 |   1239 |    408 |      0 |    883 |   3 |  549.0 |
               +--------+--------+--------+--------+--------+-----+--------+

Top non-repeatable levels by time:
     D:2: 960 daAuts
     D:1: 679 daAuts
     D:3: 7 daAuts
